AoeStats
← Vekenification

Arabian Desert

510616898Analyzed
1v1 RM · 1d ago on Oct 1, 2026· 25m 30s· 2 players
Game mode
Random Map
Map size
Tiny (2 player)
Population
200
Speed
Normal
Resources
Standard
Victory
Conquest
Starting age
Dark Age
Ending age
Imperial Age
RankedLock teamsTeams togetherTeam positionsShared explorationLock speedFull tech treeHidden civsTurbo modeCheats
Victory
Defeat
🇺🇸 Poles · United States
1085
+15
🇩🇪 Khmer · Germany
1066
-15
Vekenification
5:26 Loom
11:03 Feudal Age
11:38 Double-Bit Axe
11:36 Horse Collar
17:44 Wheelbarrow
17:06 Gold Mining
23:02 Castle Age
21:40 Fletching
23:08 Padded Archer Armor
Aladdins_Army
9:34 Feudal Age
10:47 Loom
10:52 Double-Bit Axe
10:49 Horse Collar
17:05 Forging
17:01 Scale Barding Armor
22:36 Castle Age
20:47 Stone Mining
22:09 Bloodlines
24:19 Husbandry
24:41 Heavy Plow
Connection lost

Rejoining the realm…

Still unreachable

The connection could not be restored.

Session expired

The server has moved on; the page needs a fresh start.